 Dungeon Crawl Stone Soup version 0.22-a0-117-g314b907 (webtiles) character file.

26331 galech the Brawler (level 12, -4/128 HPs)
             Began as a Troll Monk on Jan 29, 2018.
             Was a High Priest of Okawaru.
             Slain by a two-headed ogre
             ... wielding a +0 giant spiked club
              (22 damage)
             ... on level 1 of the Orcish Mines.
             The game lasted 00:29:49 (13312 turns).

galech the Brawler (Troll Monk)                    Turns: 13312, Time: 00:29:50

Health: -4/128     AC:  9    Str: 26    XL:     12   Next: 97%
Magic:  11/11      EV: 11    Int: 15    God:    Okawaru [*****.]
Gold:   864        SH:  0    Dex: 12    Spells: 11/11 levels left

rFire    + . .     SeeInvis .     - Unarmed
rCold    + . .     Gourm    +   (no shield)
rNeg     . . .     Faith    .   L - +2 robe {rC+ rF+}
rPois    .         Spirit   .   g - +2 hat "Vagaafenn" {Int+5}
rElec    .         Reflect  .   (no cloak)
rCorr    .         Harm     .   (gloves unavailable)
MR       +....                  (boots unavailable)
Stlth    ++........             (no amulet)
HPRegen  0.71/turn              f - +4 ring of intelligence
MPRegen  0.12/turn              G - ring of protection from magic

@: no status effects
A: large, unfitting armour, claws 3, fast metabolism 3, gourmand, regeneration
1, shaggy fur 1, tough skin 2
a: Heroism, Finesse, Renounce Religion


You were on level 1 of the Orcish Mines.
You worshipped Okawaru.
Okawaru was extremely pleased with you.
You were completely stuffed.

You visited 3 branches of the dungeon, and saw 13 of its levels.
You also visited: Ossuary.

You collected 1158 gold pieces.
You spent 294 gold pieces at shops.

Inventory:

Armour
 g - the +2 hat "Vagaafenn" (worn) {Int+5}
   (Okawaru gifted it to you on level 10 of the Dungeon)

   It affects your intelligence (+5).
 B - +0 steam dragon scales
 L - a +2 robe of resistance (worn)
Jewellery
 f - a +4 ring of intelligence (left claw)
 G - a ring of protection from magic (right claw)
Wands
 t - a wand of enslavement (29)
 C - a wand of disintegration (12)
 F - a wand of paralysis (9)
 H - a wand of digging (15)
 J - a wand of scattershot (7)
Scrolls
 c - 2 scrolls of teleportation
 i - a scroll of noise
 k - 4 scrolls of amnesia
 l - 4 scrolls of enchant weapon
 n - a scroll of immolation
 p - 4 scrolls of remove curse
 q - a scroll of blinking
 y - a scroll of fear
 A - a scroll of vulnerability
 E - a scroll of enchant armour
Potions
 d - 5 potions of curing
 e - 3 potions of degeneration {unknown}
 h - 4 potions of agility {unknown}
 j - 7 potions of flight {unknown}
 m - a potion of magic {unknown}
 o - 4 potions of might {unknown}
 s - a potion of resistance {unknown}
 u - 3 potions of heal wounds {unknown}
 v - a potion of lignification {unknown}
 w - 3 potions of brilliance {unknown}
 x - 2 potions of ambrosia {unknown}
 z - a potion of haste
 D - 2 potions of cancellation {unknown}
 I - a potion of mutation
Books
 r - a book of Frost

   Spells                             Type                      Level
   a - Freeze                         Ice                          1
   b - Throw Frost                    Conjuration/Ice              2
   c - Ozocubu's Armour               Charms/Ice                   3
   d - Throw Icicle                   Conjuration/Ice              4
   e - Summon Ice Beast               Ice/Summoning                4
Comestibles
 a - 17 chunks of flesh
 b - 22 rations


   Skills:
 + Level 10.7 Fighting
 - Level 3.5 Dodging
 - Level 1.7 Stealth
 * Level 17.0 Unarmed Combat


You had 11 spell levels left.
You didn't know any spells.

Dungeon Overview and Level Annotations

Branches:
Dungeon (10/15)            Temple (1/1) D:5            Lair (0/6) D:9
    Orc (2/2) D:9
    Elf: Orc:2

Altars:
Ashenzari
Cheibriados
Dithmenos
Elyvilon
Fedhas
Gozag
Hepliaklqana
Kikubaaqudgha
Makhleb
Nemelex Xobeh
Okawaru
Qazlal
Ru
Sif Muna
Trog
Uskayaw
Vehumet
Wu Jian
Xom
Zin
Beogh

Shops:
D:7 !?


Innate Abilities, Weirdness & Mutations

You are too large for most types of armour.
You have claws for hands.
Your metabolism is lightning-fast.
You like to eat raw meat.
Your natural rate of healing is unusually fast.
You are covered in fur. (AC +1)
You have very tough skin. (AC +2)


Message History

You see here 3 large rocks.
The two-headed ogre hits you with a giant club!!
The two-headed ogre closely misses you.
The two-headed ogre hits you with a giant spiked club!!
The two-headed ogre hits you with a giant club!!
* * * LOW HITPOINT WARNING * * *
The ogre shouts!
You climb upwards.
There is a stone staircase leading down, spattered with blood here.
You see here 8 exploding tomahawks.
Items here: ))) [ a giant spiked club; a ring mail; a whip; a giant spiked club The two-headed ogre hits you with a giant spiked club!!
* * * LOW HITPOINT WARNING * * *
The two-headed ogre hits you with a giant club.
* * * LOW HITPOINT WARNING * * *
You see here a whip.
The two-headed ogre closely misses you.
The two-headed ogre hits you with a giant club!!
You die...

##.....(..........### #
#............#....#.###
##...))).............#.
#....)><[..............
#....)))...........#...
##....)[........#.#....
##.#......[.......##...
#...#OO)[..........#...
##....@.[.[..[....###.#
##.#[.....[......#####
###..)...#.#.....#.##
##.#..)....#.........#
#.......#............##
#.....[..............>#
#..........#.....#...##
#...............##...#
##.#..........#####.##


You could see 2 two-headed ogres.

Vanquished Creatures
  An orc warlord (Orc:1)
  2 stone giants
  Josephine (D:10)
  The ghost of Tovarisch the Cruncher, a journeyman DENe of Kikubaaqudgha (D:10)
  An orc high priest (Orc:1)
  6 two-headed ogres
  Pikel (D:9)
  5 orc knights
  4 orc sorcerers
  Psyche (D:10)
  5 trolls
  Grinder (D:3)
  A merfolk (D:10)
  A hornet (D:7)
  A hippogriff (D:8)
  A shadow (D:6)
  4 wraiths
  The ghost of KristoblXynda the Ruffian, an amateur DrMo (D:5)
  2 hungry ghosts
  A steam dragon (D:9)
  A warg (D:9)
  A water moccasin (D:9)
  3 sky beasts
  Purgy (D:4)
  30 orc warriors
  3 phantoms
  An eye of draining (D:10)
  2 slaves (D:9)
  2 ice beasts
  22 ogres
  4 wolves
  4 centaurs
  3 bullfrogs
  A big kobold (D:8)
  A water moccasin skeleton (D:10)
  6 scorpions
  7 killer bees
  2 electric eels (D:9)
  3 howler monkeys
  A crimson imp (D:6)
  A centaur zombie (D:8)
  7 jellies
  21 orc wizards
  17 orc priests
  A centaur skeleton (D:3)
  6 hounds
  A bullfrog skeleton (D:7)
  4 iguanas
  6 worker ants
  A killer bee zombie (D:5)
  4 big kobold zombies (Ossuary)
  2 hound zombies
  2 mummies (Ossuary)
  Robin (D:2)
  2 howler monkey zombies
  7 gnolls
  11 adders
  A shadow imp (D:8)
  6 adder zombies
  3 oozes
  2 adder skeletons
  5 worms
  4 dart slugs
  5 leopard geckos
  69 orcs
  2 ball pythons
  7 giant cockroaches
  3 gnoll zombies (Ossuary)
  14 goblins
  7 hobgoblins
  12 jackals
  8 kobolds
  8 quokkas
  A ball python skeleton (D:4)
  10 bats
  3 frilled lizards
  A giant cockroach zombie (D:6)
  3 hobgoblin zombies (Ossuary)
  A jackal zombie (D:6)
  4 kobold zombies (Ossuary)
  An orc zombie (Ossuary)
  A quokka zombie (D:6)
  5 rats
419 creatures vanquished.

Vanquished Creatures (others)
  2 slaves (D:9)
  A crimson imp (D:9)
  An orc wizard (Orc:1)
  3 orcs
7 creatures vanquished.

Grand Total: 426 creatures vanquished

Notes
Turn   | Place    | Note
-------+----------+-------------------------------------------
     0 | D:1      | galech the Troll Monk began the quest for the Orb.
     0 | D:1      | Reached XP level 1. HP: 22/22 MP: 0/0
   166 | D:1      | Reached XP level 2. HP: 29/29 MP: 1/1
   531 | D:2      | Reached XP level 3. HP: 36/36 MP: 2/2
   630 | D:2      | Noticed Robin
   643 | D:2      | Killed Robin
   682 | D:2      | Reached XP level 4. HP: 24/44 MP: 3/3
  1252 | D:3      | Reached skill level 4 in Unarmed Combat
  1411 | D:3      | Reached XP level 5. HP: 52/52 MP: 4/4
  1456 | D:3      | Noticed Grinder
  1481 | D:3      | Killed Grinder
  1481 | D:3      | Reached skill level 5 in Unarmed Combat
  1481 | D:3      | Reached XP level 6. HP: 41/61 MP: 5/5
  1605 | D:3      | Reached skill level 6 in Unarmed Combat
  1881 | D:3      | Found a shadowy altar of Dithmenos.
  1883 | D:3      | Found a sparkling altar of Nemelex Xobeh.
  1883 | D:3      | Found a shimmering altar of Xom.
  1885 | D:3      | Found an ornate altar of the Wu Jian Council.
  1885 | D:3      | Found an ancient bone altar of Kikubaaqudgha.
  1885 | D:3      | Found a snail-covered altar of Cheibriados.
  2341 | D:4      | Reached XP level 7. HP: 67/67 MP: 6/6
  2426 | D:4      | Noticed Purgy
  2437 | D:4      | Killed Purgy
  2606 | D:4      | Reached skill level 7 in Unarmed Combat
  2651 | D:5      | Entered Level 5 of the Dungeon
  2865 | D:5      | Found a deep blue altar of Sif Muna.
  2909 | D:5      | Reached XP level 8. HP: 71/78 MP: 7/7
  2915 | D:5      | Noticed KristoblXynda's ghost (amateur DrMo)
  2979 | D:6      | Reached skill level 8 in Unarmed Combat
  3092 | D:5      | Killed KristoblXynda's ghost
  3416 | D:5      | Reached skill level 9 in Unarmed Combat
  3465 | D:5      | Reached skill level 5 in Fighting
  3543 | D:5      | Found a staircase to the Ecumenical Temple.
  3549 | Temple   | Entered the Ecumenical Temple
  3621 | Temple   | Became a worshipper of Warmaster Okawaru
  3621 | Temple   | Reached * piety under Okawaru
  3621 | Temple   | Reached ** piety under Okawaru
  3923 | D:6      | Found a stormy altar of Qazlal.
  4263 | D:6      | Reached XP level 9. HP: 16/88 MP: 8/8
  4410 | D:6      | Reached skill level 10 in Unarmed Combat
  4751 | D:7      | Reached *** piety under Okawaru
  4853 | D:7      | Noticed a troll
  4861 | D:7      | Killed a troll
  4862 | D:7      | Found Edghostoawk's Magic Scroll Emporium.
  5040 | D:6      | Reached skill level 11 in Unarmed Combat
  5129 | D:6      | HP: 1/92 [killer bee (5)]
  5342 | D:7      | Found Woozxin's Distillery.
  5440 | D:7      | Bought a scroll of teleportation for 42 gold pieces
  5440 | D:7      | Bought a scroll of identify for 28 gold pieces
  5440 | D:7      | Bought a scroll of teleportation for 42 gold pieces
  5440 | D:7      | Bought a scroll of magic mapping for 49 gold pieces
  5440 | D:7      | Bought a scroll of blinking for 105 gold pieces
  5440 | D:7      | Bought a scroll of identify for 28 gold pieces
  5646 | D:8      | Found a sparkling altar of Nemelex Xobeh.
  5779 | D:8      | Found a sand-covered staircase.
  5786 | Ossuary  | Entered an ossuary
  6105 | D:8      | Reached **** piety under Okawaru
  6105 | D:8      | Reached XP level 10. HP: 73/100 MP: 9/9
  6378 | D:8      | Reached skill level 12 in Unarmed Combat
  6727 | D:8      | Found a roughly hewn altar of Beogh.
  6992 | D:9      | Found a staircase to the Lair.
  7069 | D:9      | Found a staircase to the Orcish Mines.
  7690 | D:9      | Noticed Pikel
  7707 | D:9      | Killed Pikel
  7707 | D:9      | Reached skill level 13 in Unarmed Combat
  7867 | D:9      | Found an ornate altar of the Wu Jian Council.
  8010 | D:9      | Reached ***** piety under Okawaru
  8208 | D:9      | Found a radiant altar of Vehumet.
  8550 | D:9      | Found a burning altar of Makhleb.
  8551 | D:9      | Found an ornate altar of the Wu Jian Council.
  8588 | D:10     | Entered Level 10 of the Dungeon
  8705 | D:10     | Noticed Tovarisch's ghost (journeyman DENe)
  8732 | D:10     | Killed Tovarisch's ghost
  8732 | D:10     | Received a gift from Okawaru
  8732 | D:10     | Reached XP level 11. HP: 14/113 MP: 10/10
  8880 | D:10     | Got a steaming hat {god gift}
  8886 | D:10     | Identified the +2 hat "Vagaafenn" {Int+5} (Okawaru gifted it to you on level 10 of the Dungeon)
  9047 | D:10     | Noticed Josephine
  9054 | D:10     | Killed Josephine
  9054 | D:10     | Reached skill level 14 in Unarmed Combat
  9224 | D:10     | Noticed Psyche
  9232 | D:10     | Killed Psyche
  9473 | Orc:1    | Entered Level 1 of the Orcish Mines
  9473 | Orc:1    | Noticed an orc knight
  9479 | Orc:1    | Noticed an orc sorcerer
  9771 | D:9      | Killed an orc sorcerer
  9809 | Orc:1    | Noticed an orc knight
  9814 | Orc:1    | Noticed an orc sorcerer
  9827 | D:9      | Killed an orc knight
  9913 | Orc:1    | Paralysed by an orc sorcerer for 3 turns
  9928 | Orc:1    | Killed an orc sorcerer
 10152 | Orc:1    | Noticed an orc warlord
 10207 | Orc:1    | Noticed an orc knight
 10231 | Orc:1    | Killed an orc knight
 10294 | Orc:1    | Reached skill level 15 in Unarmed Combat
 10296 | Orc:1    | Noticed a stone giant
 10560 | Orc:1    | Killed a stone giant
 10928 | D:9      | Killed an orc knight
 10928 | D:9      | Received a gift from Okawaru
 10928 | D:9      | Reached XP level 12. HP: 112/124 MP: 8/11
 10959 | Orc:1    | Killed an orc warlord
 11238 | Orc:1    | Found a roughly hewn altar of Beogh.
 11239 | Orc:1    | Noticed an orc high priest
 11411 | Orc:1    | Killed an orc high priest
 11411 | Orc:1    | Reached skill level 10 in Fighting
 11465 | Orc:1    | Reached skill level 16 in Unarmed Combat
 11716 | Orc:2    | Entered Level 2 of the Orcish Mines
 11738 | Orc:2    | Noticed a stone giant
 11739 | Orc:2    | Noticed a two-headed ogre
 11903 | Orc:2    | Noticed a two-headed ogre
 11904 | Orc:2    | Noticed a two-headed ogre
 12073 | Orc:2    | Noticed a two-headed ogre
 12149 | Orc:2    | Noticed a two-headed ogre
 12153 | Orc:1    | Killed a two-headed ogre
 12486 | D:9      | Killed a stone giant
 12500 | D:9      | Killed a two-headed ogre
 12632 | Orc:1    | Killed a two-headed ogre
 12726 | Orc:1    | Killed a two-headed ogre
 12881 | Orc:2    | Noticed a two-headed ogre
 12892 | Orc:1    | Received a gift from Okawaru
 12953 | Orc:1    | Killed a two-headed ogre
 13156 | Orc:2    | Noticed an ogre mage
 13216 | Orc:2    | Noticed a two-headed ogre
 13222 | Orc:2    | Noticed a two-headed ogre
 13222 | Orc:2    | Noticed a two-headed ogre
 13227 | Orc:1    | Killed a two-headed ogre
 13227 | Orc:1    | Reached skill level 17 in Unarmed Combat
 13238 | Orc:2    | Noticed an ogre mage
 13307 | Orc:2    | Noticed a two-headed ogre
 13312 | Orc:1    | Slain by a two-headed ogre

Vault maps used:
D:1:      nzn_arrival_depleted_hourglass, st_stairs_3, minmay_misc_feat_hallway
D:2:      first_ration, uniq_robin
D:3:      doesnt_xom_only_xom, uniq_grinder
D:4:      kennysheep_generic_room_9, uniq_purgy
D:5:      minmay_temple_entry_hall, cheibrodos_sewer_entry_bend, minivault_26,
          led_sif_pool
D:6:      cheibrodos_barr_body, kennysheep_mini_moat
D:7:      serial_shops, nicolae_shop_statue_plus, shop
D:8:      lemuel_crystal_altar, chequers_ossuary_entry_cave, special_room
D:9:      minitemple, erik_lair_island, david_orc_3, basic_altar, uniq_pikel
D:10:     hangedman_fish_farm, uniq_psyche, uniq_josephine
Temple:   minmay_crystal_spiral_temple
Orc:1:    orc_temple, basic_altar, hangedman_minor_magic
Orc:2:    st_orc_ogre_mass
Ossuary:  ossuary_tomb_2

Skill      XL: |  1  2  3  4  5  6  7  8  9 10 11 12 |
---------------+-------------------------------------+-----
Dodging        | 3 |  3.5
Unarmed Combat | 4 5 6 7 9 11 13 15 17 | 17.0
Fighting       | 3 4 5 6 8 9 10 | 10.7
Stealth        | |  1.7

Action                   |  1- 3 |  4- 6 |  7- 9 | 10-12 || total
-------------------------+-------+-------+-------+-------++-------
Melee: Unarmed           |    98 |   155 |   347 |   551 ||  1151
       Punch             |     1 |     3 |    19 |    37 ||    60
Invok: Heroism           |       |       |     3 |    16 ||    19
  Use: Scroll            |       |       |    14 |     5 ||    19
       Potion            |       |       |     5 |       ||     5
 Stab: Sleeping          |     2 |       |    13 |     2 ||    17
       Distracted        |       |       |       |     2 ||     2
  Eat: Chunk             |    12 |    15 |    32 |    82 ||   141
Armor: Robe              |    30 |    37 |    78 |    72 ||   217
       Steam dragon scal |       |       |       |    77 ||    77
Dodge: Dodged            |    51 |    75 |   220 |   321 ||   667

Table legend:
 A = Spawn XP
 B = Non-spawn XP
 C = Spawn XP percentage of total XP
 D = Spawn monster count
 E = Non-spawn monster count
 F = Spawn count percentage of total count
 G = Total turns spent on level
                    A         B        C        D         E        F      G
               +---------+---------+-------+---------+---------+-------+---------
         Total |       0 |   37617 |   0.0 |       0 |     417 |   0.0 | 13312
               +---------+---------+-------+---------+---------+-------+---------
           D:1 |       0 |      33 |   0.0 |       0 |      18 |   0.0 |   524
           D:2 |       0 |      79 |   0.0 |       0 |      27 |   0.0 |   706
           D:3 |       0 |     556 |   0.0 |       0 |      40 |   0.0 |  1005
           D:4 |       0 |     341 |   0.0 |       0 |      20 |   0.0 |   416
           D:5 |       0 |    1310 |   0.0 |       0 |      36 |   0.0 |   917
           D:6 |       0 |    1154 |   0.0 |       0 |      28 |   0.0 |  1334
           D:7 |       0 |    1165 |   0.0 |       0 |      15 |   0.0 |   594
           D:8 |       0 |    2596 |   0.0 |       0 |      57 |   0.0 |  1597
           D:9 |       0 |    8246 |   0.0 |       0 |      48 |   0.0 |  2774
          D:10 |       0 |    4495 |   0.0 |       0 |      21 |   0.0 |   750
         Orc:1 |       0 |   17457 |   0.0 |       0 |      85 |   0.0 |  2331
       Ossuary |       0 |     185 |   0.0 |       0 |      22 |   0.0 |   187
               +---------+---------+-------+---------+---------+-------+---------
